Map: New Gettysburg LE

Players

ShoWTimE - Winner!

  • Race: Protoss Protoss

Cyan

  • Race: Protoss Protoss

Event: WCS Copa Intercontinental

VOD

https://www.youtube.com/watch?v=xxJoPV9DX0U

Description

Time

  • Played on: Sept. 10, 2016, 7:05 p.m.
  • Length: 11:57

All games in this series

Show
View Real Time Build Order
Export as new Build Order

ShoWTimE Protoss - Winner!

Build Orders:  

Get SALT Encoding   

  12  0:00  Probe (Chrono Boost)  
  13  0:11  Probe (Chrono Boost)  
  14  0:18  Pylon  
  14  0:22  Probe (Chrono Boost)  
  15  0:37  Probe (Chrono Boost)  
  15  0:38  Gateway  
  16  0:43  Assimilator  
  16  0:47  Probe (Chrono Boost)  
  17  0:52  Assimilator  
  17  0:58  Probe (Chrono Boost)  
  18  1:05  Gateway  
  18  1:09  Probe (Chrono Boost)  
  19  1:19  Probe (Chrono Boost)  
  19  1:25  Cybernetics Core  
  20  1:30  Probe (Chrono Boost)  
  21  1:35  Pylon  
  21  1:40  Probe (Chrono Boost)  
  22  1:50  Warp Gate  
  22  1:51  Probe (Chrono Boost)  
  23  2:01  Stalker  
  23  2:02  Mothership Core (Chrono Boost)  
  27  2:31  Nexus  
  27  2:37  Stalker  
  29  2:49  Pylon  
  31  3:00  Probe (Chrono Boost)  
  30  3:07  Stalker  
  33  3:13  Probe (Chrono Boost)  
  33  3:14  Pylon  
  33  3:25  Probe (Chrono Boost)  
  33  3:27  Stalker  
  33  3:33  Twilight Council  
  35  3:37  Probe (Chrono Boost)  
  36  3:43  Pylon, Probe (Chrono Boost)  
  38  3:49  Probe (Chrono Boost)  
  38  3:53  Probe (Chrono Boost)  
  39  4:01  Probe (Chrono Boost)  
  39  4:02  Robotics Facility  
  40  4:04  Probe (Chrono Boost)  
  40  4:08  Blink  
  41  4:11  Stalker  
  41  4:13  Probe (Chrono Boost)  
  43  4:29  Probe (Chrono Boost)  
  43  4:31  Stalker  
  43  4:34  Probe (Chrono Boost)  
  46  4:41  Probe (Chrono Boost)  
  47  4:46  Observer, Probe (Chrono Boost)  
  47  4:51  Stalker  
  51  4:53  Probe (Chrono Boost)  
  51  4:58  Stalker, Probe (Chrono Boost)  
  54  5:04  Assimilator  
  54  5:05  Observer, Probe (Chrono Boost)  
  55  5:10  Probe (Chrono Boost)  
  57  5:15  Stalker  
  57  5:17  Probe (Chrono Boost)  
  61  5:22  Probe (Chrono Boost)  
  61  5:23  Forge  
  61  5:25  Assimilator  
  62  5:30  Probe (Chrono Boost)  
  62  5:32  Pylon  
  62  5:40  Pylon  
  62  5:41  Protoss Ground Weapons Level 1  
  62  5:52  Probe x2 (Chrono Boost)  
  62  5:53  Gateway x2  
  64  6:01  Warp Prism  
  68  6:04  Sentry, Probe x2 (Chrono Boost)  
  68  6:05  Sentry  
  68  6:10  Pylon  
  72  6:20  Templar Archives  
  72  6:24  Gateway  
  72  6:29  Pylon, Resonating Glaives  
  72  6:32  Adept x2  
  76  6:45  Gateway x2  
  76  6:48  Gateway  
  76  6:51  Gateway  
  76  6:52  Psionic Storm  
  76  6:57  Probe (Chrono Boost)  
  77  7:05  High Templar  
  77  7:06  High Templar  
  81  7:21  Pylon  
  81  7:22  Adept x2  
  85  7:24  Immortal  
  85  7:29  Photon Cannon  
  89  7:33  Adept  
  91  7:40  Pylon  
  91  7:46  Adept x3  
  91  7:49  Protoss Ground Weapons Level 2  
  97  7:52  High Templar  
  97  7:55  Pylon  
  99  8:01  Adept x2  
  99  8:05  Adept  
  105  8:10  Warp Prism  
  103  8:16  Adept x2  
  103  8:31  Nexus  
  103  8:35  Pylon  
  103  8:37  Pylon  
  103  8:45  High Templar x2, Adept  
  109  8:49  Archon  
  109  8:50  Adept  
  109  8:52  Adept  
  113  8:56  Pylon  
  113  9:17  High Templar x2, Adept x3  
  115  9:21  Archon  
  123  9:26  Adept  
  123  9:27  Adept x2  
  123  9:30  Pylon  
  128  9:47  Adept x3  
  128  9:48  Adept x2  
  128  9:51  Adept  
  140  9:55  Adept  
  142  10:06  Adept  
  144  10:07  Adept x2  
  144  10:08  Adept  
  150  10:21  Adept x3  
  148  10:25  Adept  
  154  10:32  Adept x3  
  156  10:36  Adept  
  156  10:39  Pylon  
  136  10:52  Stalker x3  
  136  10:53  Adept  
  136  10:56  Stalker  
  108  11:00  Stalker  
  104  11:06  Stalker  
  96  11:12  Stalker  
  84  11:19  Adept x3  
  80  11:27  High Templar x2, Adept  
  84  11:41  High Templar, Adept x4  
  84  11:42  Archon  
Show
View Real Time Build Order
Export as new Build Order

Cyan Protoss 

Build Orders: Oracle Opening 

Get SALT Encoding   

  12  0:01  Probe (Chrono Boost)  
  13  0:11  Probe (Chrono Boost)  
  14  0:18  Pylon  
  14  0:22  Probe (Chrono Boost)  
  15  0:36  Probe (Chrono Boost)  
  15  0:37  Gateway  
  16  0:43  Assimilator  
  16  0:47  Probe (Chrono Boost)  
  17  0:51  Assimilator  
  17  0:57  Probe (Chrono Boost)  
  18  1:08  Probe (Chrono Boost)  
  18  1:10  Gateway  
  20  1:18  Probe (Chrono Boost)  
  20  1:25  Cybernetics Core  
  20  1:29  Probe (Chrono Boost)  
  21  1:33  Pylon  
  21  1:39  Probe (Chrono Boost)  
  22  1:50  Probe (Chrono Boost)  
  23  1:58  Warp Gate  
  25  2:01  Adept x2  
  25  2:03  Mothership Core (Chrono Boost)  
  29  2:11  Pylon  
  29  2:22  Probe (Chrono Boost)  
  30  2:28  Stargate  
  30  2:34  Stalker, Probe (Chrono Boost)  
  33  2:46  Pylon  
  33  2:48  Probe (Chrono Boost)  
  34  2:55  Stalker  
  36  3:01  Probe (Chrono Boost)  
  37  3:09  Oracle  
  41  3:20  Probe (Chrono Boost)  
  39  3:36  Nexus  
  39  3:42  Probe (Chrono Boost), Oracle  
  42  3:55  Probe (Chrono Boost)  
  43  3:57  Pylon  
  43  4:07  Probe (Chrono Boost)  
  44  4:19  Probe (Chrono Boost)  
  44  4:20  Robotics Facility  
  45  4:31  Probe (Chrono Boost), Adept x2  
  48  4:43  Probe (Chrono Boost)  
  49  4:46  Void Ray  
  49  4:49  Probe (Chrono Boost)  
  51  4:55  Probe (Chrono Boost)  
  51  4:59  Probe (Chrono Boost)  
  53  5:01  Pylon  
  53  5:05  Probe (Chrono Boost)  
  54  5:10  Probe (Chrono Boost)  
  56  5:14  Observer  
  56  5:17  Probe (Chrono Boost)  
  56  5:21  Assimilator, Pylon  
  57  5:22  Probe (Chrono Boost)  
  57  5:23  Assimilator  
  57  5:25  Void Ray  
  58  5:33  Probe (Chrono Boost)  
  64  5:35  Probe (Chrono Boost)  
  64  5:39  Immortal  
  64  5:45  Probe (Chrono Boost)  
  70  5:51  Probe (Chrono Boost)  
  71  5:57  Probe (Chrono Boost)  
  71  6:02  Void Ray  
  71  6:08  Gateway  
  71  6:09  Gateway  
  75  6:17  Sentry  
  77  6:19  Sentry, Gateway  
  77  6:22  Immortal  
  83  6:33  Gateway  
  83  6:36  Gateway  
  83  6:45  Pylon, Gateway  
  83  6:49  Pylon  
  83  6:50  Sentry  
  85  6:58  Void Ray  
  85  6:59  Pylon  
  85  7:01  Warp Prism  
  91  7:15  Stalker x2  
  95  7:28  Probe (Chrono Boost)  
  95  7:29  Stalker x2, Probe (Chrono Boost)  
  101  7:42  Nexus  
  100  7:56  Immortal  
  100  8:00  Twilight Council  
  100  8:02  Forge  
  104  8:09  Adept x2  
  108  8:17  Probe (Chrono Boost)  
  106  8:20  Pylon, Protoss Ground Weapons Level 1  
  106  8:23  Pylon  
  106  8:24  Resonating Glaives  
  103  8:33  Immortal  
  107  8:42  Templar Archives  
  106  8:51  Adept  
  106  8:53  Pylon  
  106  8:55  Adept  
  110  8:59  Adept  
  112  9:02  Adept  
  112  9:07  Pylon  
  114  9:10  Adept  
  116  9:26  High Templar x4  
  116  9:27  Adept  
  116  9:29  Adept  
  116  9:30  Archon x2  
  128  9:34  Adept  
  128  9:35  Pylon  
  130  9:49  Adept x2  
  134  9:53  Pylon  
  134  9:58  Pylon  
  134  10:00  Adept x3  
  134  10:05  Adept  
  142  10:08  Adept  
  144  10:18  Adept x2  
  144  10:20  Adept  
  144  10:21  Adept  
  149  10:34  High Templar x2  
  149  10:35  Adept  
  153  10:38  Archon  
  153  10:39  Adept x2  
  137  10:52  Adept x2  
  93  10:59  Adept x3  
  85  11:10  Adept  
  85  11:11  Adept  
  71  11:13  Adept  
  71  11:17  Adept  
  61  11:20  Adept x2  
  61  11:22  Adept  
  58  11:29  Mothership Core (Chrono Boost)  
  58  11:32  High Templar  
  57  11:35  Adept  
  53  11:40  Adept  
Tags
 
Add a new tag
Caveats
  • Supply blocks, unpowered buildings, or Contaminate may cause inaccurate times.
  • Supply counts are checked every 10 seconds.